 Dungeon Crawl Stone Soup version 0.18.1-5-g4a78601 (webtiles) character file.

58 Chaotic the Skirmisher (level 3, 0/34 HPs)
             Began as a Minotaur Berserker on May 12, 2016.
             Was a Believer of Trog.
             Slain by a goblin (2 damage)
             ... led by Robin
             ... on level 2 of the Dungeon.
             The game lasted 00:01:24 (1781 turns).

Chaotic the Skirmisher (Minotaur Berserker)         Turns: 1781, Time: 00:01:25

Health: 0/34       AC:  6    Str: 22    XL:     3   Next: 75%
Magic:  2/2        EV: 11    Int:  4    God:    Trog [**....]
Gold:   51         SH:  0    Dex:  9    Spells: 0 memorised, 2 levels left

rFire  . . .     SeeInvis .     a - +0 mace
rCold  . . .     Gourm    .     p - +1 ring mail {MR+}
rNeg   . . .     Faith    .     (no shield)
rPois  .         Spirit   .     (helmet restricted)
rElec  .         Dismiss  .     (no cloak)
rCorr  .         Reflect  .     (no gloves)
SustAt .         Harm     .     (no boots)
MR     +....                    (no amulet)
Stlth  ..........               (no ring)
                                (no ring)

@: exhausted, slowed, very slow, somewhat resistant to hostile enchantments,
extremely unstealthy
A: retaliatory headbutt, horns 2
a: Berserk, Trog's Hand, Burn Spellbooks, Renounce Religion


You were on level 2 of the Dungeon.
You worshipped Trog.
Trog was pleased with you.
You were hungry.

You visited 1 branch of the dungeon, and saw 2 of its levels.

You collected 51 gold pieces.

Inventory:

Hand Weapons
 a - a +0 mace (weapon)
Armour
 p - a +1 ring mail of magic resistance (worn)
Jewellery
 l - an uncursed ring of poison resistance {unknown}
Scrolls
 b - a scroll of immolation {unknown}
 d - a scroll of enchant armour {unknown}
 e - 3 scrolls of identify {unknown}
 g - a scroll of fear {unknown}
 k - a scroll of magic mapping {unknown}
 m - a scroll of enchant weapon {unknown}
 o - a scroll of teleportation {unknown}
Potions
 f - 2 potions of curing {unknown}
 i - a potion of mutation {unknown}
 j - a potion of berserk rage {unknown}
 r - a potion of cancellation {unknown}
Comestibles
 c - 2 bread rations
 h - 2 fruits
 n - a meat ration
 q - a royal jelly
 s - 3 chunks of flesh


   Skills:
 + Level 4.6 Fighting
 + Level 4.2 Maces & Flails
 + Level 3.4 Armour
 - Level 2.1 Dodging


You had 2 spell levels left.
You didn't know any spells.

Dungeon Overview and Level Annotations

Branches:
Dungeon (2/15)

Altars:


Innate Abilities, Weirdness & Mutations

You reflexively headbutt those who attack you in melee.
You have a pair of horns on your head.


Message History

a club; an animal skin; a helmet; the hobgoblin corpse of Robin Unknown command.
You feel a strong urge to attack something.
Found a bread ration and a centaur barding.
You are no longer berserk.
You are exhausted.
You feel yourself slow down.
You are feeling hungry.
The goblin no longer looks unusually strong.
The goblin misses you. You furiously retaliate!
You headbutt the goblin. The goblin barely misses you.
The goblin completely misses you.
You closely miss the goblin. Your headbutt misses the goblin.
The goblin is severely wounded.
The hobgoblin no longer looks unusually strong.
The hobgoblin hits you.
* * * LOW HITPOINT WARNING * * *
The goblin hits you but does no damage. The goblin hits you with a dagger.
* * * LOW HITPOINT WARNING * * *
The goblin hits you.
You die...

#.....# #.
#.....# #.
#....(# ##
##+##.....##+#
#............#
#............#
#...##########
#...#)†g....#####
#...)..g@...')!%#
#...'.†gg...#()[#
############# #


You could see a hobgoblin and 3 goblins.

Vanquished Creatures
  Robin (D:2)
  A worm (D:2)
  A dart slug (D:1)
  A giant gecko (D:1)
  13 goblins
  6 hobgoblins
  3 jackals (D:2)
  A kobold (D:1)
  2 ball pythons (D:1)
  2 bats
  A giant newt (D:2)
  5 rats
37 creatures vanquished.

Notes
Turn   | Place    | Note
--------------------------------------------------------------
     0 | D:1      | Chaotic the Minotaur Berserker began the quest for the Orb.
     0 | D:1      | Reached XP level 1. HP: 19/19 MP: 0/0
   354 | D:1      | Reached XP level 2. HP: 8/27 MP: 1/1
  1306 | D:2      | Reached XP level 3. HP: 18/34 MP: 2/2
  1738 | D:2      | Reached ** piety under Trog
  1766 | D:2      | Noticed Robin
  1776 | D:2      | Killed Robin
  1781 | D:2      | Slain by a goblin

Skill      XL: |  1  2  3 |
---------------+----------+-----
Fighting       | 4 |  4.6
Maces & Flails | 4 |  4.2
Armour         | 3 |  3.4
Dodging        | |  2.1

Action                   || total
-------------------------++-------
Melee: Mace              ||    71
       Headbutt          ||    13
Invok: Berserk           ||     1
  Eat: Fruit             ||     1
       Chunk             ||     2
Armor: Animal skin       ||     7
       Ring mail         ||    19
Dodge: Dodged            ||    68
